Map: Année zéro EC

Players

ShaDoWn - Winner!

  • Race: Protoss Protoss
  • Spawn Location: 1:00

ZipperTheFly

  • Race: Terran Terran
  • Spawn Location: 11:00

Event: 2019 WCS Spring

VOD

Have the link to the VOD?

Description

Time

  • Played on: May 17, 2019, 11:30 a.m.
  • Length: 8:40

All games in this series

Show
View Real Time Build Order
Export as new Build Order

ShaDoWn Protoss - Winner!

Build Orders: 1 Gate Expand, Oracle Opening, Phoenix Opening, Colossus Rush 

Get SALT Encoding   

  12  0:01  Probe  
  13  0:13  Probe  
  14  0:17  Pylon  
  14  0:25  Probe  
  15  0:30  Assimilator  
  15  0:34  Probe  
  15  0:42  Probe  
  16  0:44  Gateway  
  17  0:51  Probe  
  18  1:03  Probe  
  19  1:15  Probe  
  20  1:24  Nexus  
  20  1:34  Cybernetics Core  
  20  1:37  Probe  
  21  1:42  Assimilator  
  21  1:49  Probe  
  21  1:53  Pylon  
  22  2:01  Probe, Adept  
  23  2:14  Probe  
  26  2:17  Stargate  
  26  2:26  Probe  
  27  2:30  Warp Gate  
  27  2:31  Adept  
  27  2:35  Probe x2  
  29  2:43  Probe x2  
  33  2:52  Oracle, Probe x2  
  35  3:04  Probe  
  35  3:05  Probe  
  39  3:15  Pylon  
  39  3:16  Probe  
  39  3:17  Probe  
  41  3:28  Phoenix, Probe  
  41  3:29  Probe  
  45  3:37  Robotics Facility  
  45  3:39  Assimilator  
  45  3:40  Probe  
  46  3:42  Assimilator, Probe  
  47  3:52  Probe  
  47  3:54  Probe  
  49  4:00  Probe  
  49  4:06  Probe  
  49  4:07  Pylon  
  49  4:09  Probe, Gateway x2  
  52  4:18  Probe  
  52  4:19  Immortal, Probe  
  54  4:29  Robotics Bay  
  54  4:30  Probe  
  59  4:32  Pylon  
  59  4:33  Sentry  
  59  4:34  Probe  
  62  4:50  Probe  
  63  4:53  Probe  
  63  4:59  Pylon  
  64  5:00  Stalker, Colossus, Pylon  
  66  5:09  Stalker x2  
  66  5:11  Nexus  
  76  5:25  Sentry, Shield Battery  
  78  5:29  Shield Battery  
  78  5:33  Sentry x2  
  82  5:38  Pylon  
  82  5:45  Colossus  
  82  5:51  Probe  
  82  5:52  Probe  
  82  5:54  Zealot  
  82  5:56  Extended Thermal Lance  
  92  5:58  Zealot  
  92  6:01  Pylon  
  94  6:06  Forge  
  94  6:10  Pylon  
  94  6:21  Probe x2  
  94  6:23  Colossus  
  94  6:24  Probe  
  97  6:28  Twilight Council  
  97  6:33  Probe x2  
  108  6:51  Gateway  
  108  6:54  Gateway  
  105  6:55  Gateway  
  105  6:56  Gateway  
  105  6:58  Stalker x2  
  109  7:02  Probe x2  
  109  7:07  Warp Prism  
  111  7:08  Probe  
  112  7:16  Stalker  
  112  7:19  Pylon  
  112  7:22  Stalker x2  
  120  7:25  Pylon  
  120  7:31  Assimilator  
  120  7:32  Assimilator  
  120  7:33  Probe x3  
  123  7:40  Stalker  
  125  7:45  Stalker x2, Probe  
  130  7:54  Stalker x4  
  138  8:02  Pylon  
  138  8:15  Stalker x2  
  140  8:30  Stalker, Sentry x2  
  140  8:31  Stalker  
  140  8:33  Nexus  
  148  8:34  Pylon  
Show
View Real Time Build Order
Export as new Build Order

ZipperTheFly Terran 

Build Orders: Reaper Expand 

Get SALT Encoding   

  12  0:00  SCV  
  13  0:12  SCV  
  14  0:17  Supply Depot  
  14  0:24  SCV  
  15  0:39  SCV, Barracks  
  16  0:44  Refinery  
  16  0:51  SCV  
  17  1:03  SCV  
  18  1:15  SCV  
  19  1:27  Reaper, Orbital Command  
  20  1:44  Command Center  
  20  1:53  SCV  
  21  2:00  Barracks  
  21  2:02  Barracks Reactor  
  21  2:05  SCV  
  22  2:14  Supply Depot  
  22  2:18  SCV  
  23  2:23  Barracks  
  23  2:35  SCV  
  24  2:38  Marine x2  
  26  2:47  SCV  
  26  2:53  Barracks Tech Lab  
  26  2:57  Orbital Command  
  26  2:58  Marine x2  
  26  3:00  Engineering Bay  
  28  3:11  Barracks Tech Lab  
  28  3:12  Stimpack  
  28  3:16  Marine x2  
  30  3:22  SCV  
  30  3:23  SCV  
  30  3:26  Terran Infantry Weapons Level 1  
  32  3:30  Marine x2  
  32  3:34  Marine x2  
  35  3:36  SCV  
  35  3:37  SCV  
  38  3:43  Supply Depot  
  38  3:48  SCV  
  38  3:49  SCV  
  38  3:50  Marine  
  38  3:51  Marine  
  38  3:52  Marine  
  40  4:00  SCV  
  40  4:01  SCV  
  41  4:06  Missile Turret  
  41  4:12  SCV  
  41  4:13  Combat Shield  
  41  4:15  Marine  
  41  4:16  Marine  
  44  4:18  SCV  
  42  4:24  SCV  
  42  4:29  Marauder  
  42  4:30  Marauder  
  46  4:32  SCV  
  46  4:35  Marine x2  
  46  4:38  SCV  
  50  4:44  Supply Depot  
  50  4:45  SCV  
  51  4:48  Supply Depot  
  51  4:50  SCV  
  51  4:52  Marauder  
  54  5:06  SCV x2, Supply Depot, Marauder  
  58  5:09  Refinery  
  58  5:11  Refinery  
  58  5:12  Missile Turret  
  58  5:16  Marine x2  
  58  5:17  Marauder  
  58  5:18  SCV  
  63  5:22  SCV  
  63  5:24  Terran Infantry Armor Level 1  
  64  5:30  SCV  
  64  5:34  SCV  
  66  5:42  SCV  
  67  5:44  Factory  
  67  5:46  SCV  
  68  5:54  SCV, Command Center  
  69  5:58  SCV  
  69  6:02  Barracks  
  69  6:03  Barracks  
  70  6:06  SCV  
  70  6:10  SCV, Supply Depot  
  70  6:11  Supply Depot  
  72  6:15  Marauder  
  72  6:17  Marauder  
  76  6:18  SCV  
  76  6:19  Marine  
  78  6:27  Refinery  
  78  6:30  Starport  
  78  6:31  Marine  
  78  6:32  SCV, Factory Reactor  
  80  6:38  SCV  
  81  6:43  Armory  
  81  6:44  SCV  
  82  6:50  Barracks Reactor, Barracks Tech Lab  
  82  6:52  SCV, Marine  
  82  6:53  Marine  
  85  6:59  SCV  
  86  7:01  Supply Depot  
  86  7:03  Marauder x2  
  86  7:08  SCV  
  91  7:13  SCV  
  91  7:15  Marine x2  
  91  7:19  Factory Reactor  
  91  7:20  Starport  
  91  7:21  SCV  
  94  7:23  Medivac x2  
  94  7:29  Orbital Command  
  97  7:35  SCV x2  
  99  7:38  Marine  
  99  7:40  Marine  
  99  7:41  Marine  
  99  7:42  Marine  
  103  7:47  SCV  
  103  7:48  SCV, Refinery  
  105  7:54  Medivac x2  
  105  7:56  SCV  
  110  7:59  SCV  
  110  8:02  SCV  
  112  8:08  SCV  
  112  8:09  Viking x2  
  112  8:11  Supply Depot  
  114  8:14  Supply Depot  
  114  8:19  Marine x4  
  109  8:22  SCV  
  112  8:27  SCV  
Tags
 
Add a new tag
Caveats
  • Supply blocks, unpowered buildings, or Contaminate may cause inaccurate times.
  • Supply counts are checked every 10 seconds.